 Dungeon Crawl Stone Soup version 0.28-a0-1130-gc51a68064b (webtiles) character file.

Game seed: 6451123931065930155

20 Zonian the Grave Robber (level 2, -1/19 HPs)
             Began as a Demonspawn Necromancer on Dec 13, 2021.
             Killed from afar by Sigmund (3 damage)
             ... with a puff of flame
             ... on level 2 of the Dungeon.
             The game lasted 00:01:50 (1263 turns).

Zonian the Grave Robber (Demonspawn Necromancer)    Turns: 1263, Time: 00:01:51

Health: -1/19      AC:  2    Str:  8    XL:     2   Next: 58%
Magic:  0/5        EV: 12    Int: 22    God:
Gold:   69         SH:  0    Dex: 13    Spells: 4/5 levels left

rFire   + . .      SeeInvis .   h - +0 dagger
rCold   + . .      Faith    .   (no shield)
rNeg    . . .      Spirit   .   a - +0 robe
rPois   +          Reflect  .   (no helmet)
rElec   +          Harm     .   (no cloak)
rCorr   +          Rampage  .   (no gloves)
Will    .....                   (no boots)
Stlth   ++........              (no amulet)
HPRegen 0.06/turn               d - +6 ring of intelligence
MPRegen 0.09/turn               (no ring)

@: resistant
A: demonic touch 1
a: no special abilities


You were on level 2 of the Dungeon.
You visited 1 branch of the dungeon, and saw 2 of its levels.

You collected 69 gold pieces.

Inventory:

Hand Weapons
 b - a +0 hunting sling
 h - a +0 dagger (weapon)
Missiles
 i - 19 sling bullets
Armour
 a - a +0 robe (worn)
Jewellery
 d - a +6 ring of intelligence (left hand)
Scrolls
 e - a scroll of teleportation {unknown}
 g - a scroll of magic mapping {unknown}
Potions
 f - a potion of flight {unknown}


   Skills:
 + Level 2.1 Dodging
 + Level 2.1 Stealth
 + Level 2.2 Spellcasting
 + Level 4.6 Necromancy


You had 4 spell levels left.
You knew the following spells:

 Your Spells              Type           Power      Damage    Failure   Level
a - Pain                  Necr           88%        1d8       1%          1

Your spell library contained the following spells:

 Spells                   Type           Power      Damage    Failure   Level
 Animate Skeleton         Necr           44%        N/A       1%          1
 Vampiric Draining        Necr           22%        2d7       6%          3
 Animate Dead             Necr           11%        N/A       21%         4
 Agony                    Necr           22%        N/A       50%         5


Dungeon Overview and Level Annotations

Branches:
Dungeon (2/15)

Altars:

Annotations:
D:2 Sigmund


Innate Abilities, Weirdness & Mutations

Your touch may inflict minor irresistible damage on your foes.


Message History

The rat writhes in agony.
You kill the rat!
You can't see any susceptible monsters within range! (Use Z to cast anyway.) Unknown command.
Your magical contamination has completely faded away.
You open the door.
There is an open door here.
A frilled lizard comes into view.
A frilled lizard is nearby!
Unknown command.
The frilled lizard hisses angrily.
The frilled lizard writhes in agony.
A goblin comes into view. It is wielding a +0 club.
The frilled lizard writhes in agony!
You kill the frilled lizard!
The goblin writhes in agony!
You kill the goblin!
You can't see any susceptible monsters within range! (Use Z to cast anyway.) Unknown command.
Sigmund the Dreaded comes into view.
He is wielding a +0 scythe and wearing a +2 robe of positive energy.
Sigmund shouts!
Sigmund is nearby!
Unknown command.
Okay, then.
Sigmund writhes in agony.
Sigmund is unaffected.
Sigmund writhes in agony.
Sigmund closely misses you.
Sigmund is unaffected.
Sigmund hits you from afar with a +0 scythe.
Sigmund writhes in agony.
Sigmund hits you from afar with a +0 scythe!
Ouch! That really hurt!
* * * LOW HITPOINT WARNING * * *
Okay, then.
It was a potion of resistance.
You feel protected.
Sigmund screams, "You will never...
NEVER!!!"
Sigmund casts a spell at you. The puff of flame hits you. You resist.
You die...

#.#### #.. #.#..## ...
#.#.#.# ####.# #.#.#.#
..#.# ##.#.#.# # #.#.# #
# .....#.# #.##.#.#.#....
#....#.#######....@.....#
#....#.#.....####.#'#.#.#
#....#.#.##.....@..)..#
.†...#.#.##..#####....#
.....#.#.##..####.....#
....##.#.##...........#
##'###.#.#......##....#
##.###.#.#......##....#
+....#'#......†.# .....
##.#............# ...###
...#....>.......#


You could see Sigmund.

Vanquished Creatures
  A bat (D:2)
  2 endoplasms (D:1)
  3 goblins
  3 hobgoblins (D:1)
  A quokka (D:1)
  2 frilled lizards
  2 kobolds
  5 rats
19 creatures vanquished.

Notes
Turn   | Place    | Note
-------+----------+-------------------------------------------
     0 | D:1      | Zonian the Demonspawn Necromancer began the quest for the
                  | Orb.
     0 | D:1      | Reached XP level 1. HP: 13/13 MP: 3/3
   653 | D:1      | Gained mutation: Your touch may inflict minor irresistible
                  | damage on your foes. [demonic ancestry]
   653 | D:1      | Reached XP level 2. HP: 16/19 MP: 1/5
  1253 | D:2      | Noticed Sigmund
  1263 | D:2      | Killed from afar by Sigmund

Illustrated notes

Levels and vault maps discovered:
D:1:      amcnicky_arrival_double_pillar, layout_rooms
D:2:      layout_basic, grunt_decor_clamped, uniq_sigmund

Skill      XL: |  1 |
---------------+----+-----
Dodging        | 2 |  2.1
Stealth        | 2 |  2.1
Spellcasting   | |  2.2
Necromancy     | |  4.6

Action                   || total
-------------------------++-------
Melee: Unarmed           ||     8
 Cast: Pain              ||    35
  Use: Potion            ||     1
Armor: Robe              ||     1
Dodge: Dodged            ||     7

Table legend: (Time is in decaauts)
 A = Elapsed time spent in this place.
 B = Non-inter-level travel time spent in this place.
 C = Inter-level travel time spent in this place.
 D = Time resting spent in this place.
 E = Time spent auto-exploring this place.
 F = Levels seen in this place.
 G = Mean time per level.
                   A        B        C        D        E       F      G
               +--------+--------+--------+--------+--------+-----+--------+
         Total |   1261 |   1237 |     24 |    259 |    803 |   2 |  630.5 |
       Dungeon |   1261 |   1237 |     24 |    259 |    803 |   2 |  630.5 |
               +--------+--------+--------+--------+--------+-----+--------+

Top non-repeatable levels by time:
     D:1: 995 daAuts
     D:2: 266 daAuts
